 Dungeon Crawl Stone Soup version 0.30.1-11-g7821555f0a (webtiles) character file.

Game seed: 2071890115186815446

311 monsoonserge the Shooter (level 6, -1/32 HPs)
             Began as a Spriggan Hunter on Nov 3, 2023.
             Slain by a scorpion (5 damage)
             ... on level 5 of the Dungeon.
             The game lasted 00:05:30 (2148 turns).

monsoonserge the Shooter (Spriggan Hunter)          Turns: 2148, Time: 00:05:31

Health: -1/32      AC:  2    Str:  7    XL:     6   Next: 18%
Magic:  7/7        EV: 18    Int: 11    God:
Gold:   94         SH:  0    Dex: 20    Spells: 5/5 levels left

rFire   . . .        a - +0 shortbow
rCold   . . .        (shield currently unavailable)
rNeg    . . .        c - +0 robe
rPois   +            (helmet restricted)
rElec   .            (no cloak)
rCorr   +            (gloves unavailable)
SInv    +            (boots unavailable)
Will    +....        (no amulet)
Stlth   ++           k - ring of poison resistance
HPRegen 0.25/turn    n - ring of resist corrosion
MPRegen 0.10/turn

%: no passive effects
@: very quick
A: very small, no large weapons, unfitting armour, see invisible, speed 3
a: no special abilities


You were on level 5 of the Dungeon.
You visited 1 branch of the dungeon, and saw 4 of its levels.

You collected 94 gold pieces.

Inventory:

Hand Weapons
 a - a +0 shortbow (weapon)
Armour
 c - a +0 robe (worn)
Jewellery
 k - a ring of poison resistance (left hand)
 n - a ring of resist corrosion (right hand)
Scrolls
 b - a scroll of immolation
 d - a scroll of fear {unknown}
 g - 2 scrolls of identify {unknown}
 i - a scroll of fog {unknown}
 j - a scroll of brand weapon {unknown}
 m - a scroll of magic mapping {unknown}
Potions
 e - a potion of ambrosia {unknown}
 f - 3 potions of curing {unknown}
 h - a potion of mutation {unknown}
 l - 2 potions of haste {unknown}
 o - 2 potions of brilliance {unknown}


   Skills:
 + Level 2.4 Fighting
 + Level 7.0 Ranged Weapons
 + Level 3.1 Dodging
 + Level 1.5 Stealth


You had 5 spell levels left.
You didn't know any spells.
Your spell library contained the following spells:

 Spells                   Type           Power      Damage    Failure   Level
 Malign Gateway           Summ/Tloc      0%         N/A       100%        7
 Summon Horrible Things   Summ           0%         N/A       100%        8
 Chain Lightning          Conj/Air       0%         N/A       100%        9
 Fire Storm               Conj/Fire      0%         5d1       100%        9
 Shatter                  Erth           0%         3d5*      100%        9


Dungeon Overview and Level Annotations

Branches:
Dungeon (3/15)

Altars:

Annotations:
D:5 Edmund


Innate Abilities, Weirdness & Mutations

You are very small and have problems with some larger weapons.
You are too small for most types of armour.
You have supernaturally acute eyesight. (SInv)
You cover ground extremely quickly. (Speed+++)


Message History

The scorpion barely misses you.
Fire: a) +0 shortbow
Press: ? - help, Q - select action Shift-Dir - straight line, f/p - scorpion
Aim: a scorpion (severely wounded, 66% to hit)
You shoot an arrow. The arrow closely misses the scorpion.
The scorpion stings you.
Unknown command.
Fire: a) +0 shortbow
Press: ? - help, Q - select action Shift-Dir - straight line, f/p - scorpion
Aim: a scorpion (severely wounded, 66% to hit)
You shoot an arrow.
The arrow hits the scorpion but does no damage.
The scorpion is severely wounded.
The orc hits you with a +0 hand axe. The scorpion stings you.
The orc misses you.
Fire: a) +0 shortbow
Press: ? - help, Q - select action Shift-Dir - straight line, f/p - scorpion
Aim: a scorpion (severely wounded, 66% to hit)
You shoot an arrow. The arrow barely misses the scorpion.
The scorpion completely misses you. The scorpion stings you.
Fire: a) +0 shortbow
Press: ? - help, Q - select action Shift-Dir - straight line, f/p - scorpion
Aim: a scorpion (severely wounded, 66% to hit)
You shoot an arrow. The arrow barely misses the scorpion.
The scorpion misses you. The orc misses you. The orc hits you with a +0 whip.
Unknown command.
Fire: a) +0 shortbow
Press: ? - help, Q - select action Shift-Dir - straight line, f/p - scorpion
Aim: a scorpion (severely wounded, 66% to hit)
You shoot an arrow. The arrow barely misses the scorpion.
The scorpion stings you. The orc barely misses you. The orc closely misses you.
The scorpion stings you.
* * * LOW HITPOINT WARNING * * *
Unknown command.
Fire: a) +0 shortbow
Press: ? - help, Q - select action Shift-Dir - straight line, f/p - scorpion
Aim: a scorpion (severely wounded, 66% to hit)
You shoot an arrow. The arrow closely misses the scorpion.
The orc completely misses you. The orc misses you. The scorpion stings you.
You die...

..†.......#.#[#
..#####.###.#.#######
..# #.# #.........#
..# #.#####.#######
..# #...Y...# ..#
######### ..#
.†#################
.).))...)....).s@o#
.################o#
### ### #o# ... ..#
#.# ... #.# #†# ...
#.# #.# ... #.# #.#
...#######.######†###
...+..........o.....#


You could see a scorpion and 3 orcs.

Vanquished Creatures
  A sky beast (D:5)
  A hound (D:5)
  An iguana (D:5)
  2 orc wizards (D:5)
  Robin (D:2)
  3 adders
  A worm (D:2)
  3 dart slugs (D:5)
  9 orcs (D:5)
  2 bats
  2 endoplasms
  A giant cockroach (D:2)
  9 hobgoblins
  3 kobolds (D:1)
  4 quokkas
  4 ball pythons (D:1)
  3 frilled lizards
  8 goblins
  2 rats (D:1)
60 creatures vanquished.

Notes
Turn   | Place    | Note
-------+----------+-------------------------------------------
     0 | D:1      | monsoonserge the Spriggan Hunter began the quest for the
                  | Orb.
     0 | D:1      | Reached XP level 1. HP: 10/10 MP: 2/2
   188 | D:1      | Reached XP level 2. HP: 15/15 MP: 3/3
   782 | D:2      | Noticed Robin
   864 | D:1      | Reached XP level 3. HP: 11/18 MP: 4/4
  1386 | D:2      | Reached skill level 5 in Ranged Weapons
  1653 | D:2      | Killed Robin
  1654 | D:2      | Reached XP level 4. HP: 23/23 MP: 5/5
  1777 | D:3      | You fall into a shaft and drop 2 floors!
  1777 | D:5      | Entered Level 5 of the Dungeon
  1778 | D:5      | Noticed Edmund
  1852 | D:5      | Reached skill level 6 in Ranged Weapons
  1852 | D:5      | Reached XP level 5. HP: 20/26 MP: 6/6
  1965 | D:5      | Noticed a sky beast
  2063 | D:5      | Killed a sky beast
  2064 | D:5      | Reached XP level 6. HP: 32/32 MP: 7/7
  2134 | D:5      | Reached skill level 7 in Ranged Weapons
  2148 | D:5      | Slain by a scorpion

Illustrated notes

Levels and vault maps discovered:
D:1:      kilobyte_arrival_exit_the_forest, layout_basic,
          hangedman_decor_opposing, st_stairs_8
D:2:      layout_loops_corners, skrybe_limestone_x, grunt_decor_junction,
          uniq_robin
D:3:      layout_loops_ring, serial_shops, shop_fountains, st_stairs_5
D:5:      kennysheep_slugbush, layout_basic, uniq_edmund, uniq_eustachio

Skill      XL: |  1  2  3  4  5  6 |
---------------+-------------------+-----
Ranged Weapons | 5 6 7 |  7.0
Fighting       | 2 |  2.4
Dodging        | 3 |  3.1
Stealth        | |  1.5

Action                     |  1- 3 |  4- 6 || total
---------------------------+-------+-------++-------
   Fire: Shortbow          |   102 |    95 ||   197
 Armour: Robe              |     2 |     3 ||     5
  Dodge: Dodged            |    48 |    37 ||    85
